[Event "41st Jacques-Lemans-Open 2022"]
[Site "St. Veit/Glan"]
[Date "2022.07.10"]
[Round "2.7"]
[White "Schippel, Gert"]
[Black "Kruckenhauser, Arthur"]
[Result "0-1"]
[ECO "E06"]
[WhiteElo "2106"]
[BlackElo "2303"]
[Annotator "RC"]
[PlyCount "98"]
[EventDate "2022.07.09"]
[EventType "swiss"]
[EventCountry "AUT"]
[SourceTitle "playchess.com"]
[Source "ChessBase"]
[SourceQuality "1"]
[TimeControl "40/5400+30:1800+30"]

1. Nf3 Nf6 2. c4 e6 3. g3 d5 4. d4 Be7 5. Bg2 O-O 6. O-O c6 7. Qc2 b6 8. b3 Nbd7 9. Rd1 Re8 10. Nbd2 Bb7 11. e4 dxe4 12. Nxe4 Nxe4 13. Qxe4 Qc8 14. Ne5 Nxe5 15. dxe5 Rb8 16. Bb2 c5 17. Qe2 Qc7 18. Rd3 Rbd8 19. Rad1 h6 20. Be4 Rxd3 21. Rxd3 Rd8 22. Kf1 Bxe4 23. Qxe4 Rxd3 24. Qxd3 Qc6 25. Ke2 Qh1 26. h4 Bf8 27. a4 g6 28. Bc3 Qc1 29. Bd2 Qb2 30. Qc3 Qa2 31. f4 Be7 32. Kf3 Qb1 33. Kg2 Qd1 34. Be3 g5 35. hxg5 hxg5 36. fxg5 Qe2+ 37. Kg1 Qf3 38. Bd2 Qf5 39. Qe3 Kg7 40. Kg2 Kg6 41. Qf4 Bxg5 42. Qxf5+ Kxf5 43. Bc3 Ke4 44. a5 Kd3 45. axb6 axb6 46. Be1 Bd2 47. Bf2 Be3 48. Be1 Ke2 49. Bc3 Bd4 0-1

[Event "41st Jacques-Lemans-Open 2022"]
[Site "St. Veit/Glan"]
[Date "2022.07.10"]
[Round "2.8"]
[White "Huber, Benedikt"]
[Black "Navaratnam, Rohan Shan Tze"]
[Result "1-0"]
[ECO "D30"]
[WhiteElo "2289"]
[BlackElo "2071"]
[Annotator "RC"]
[PlyCount "77"]
[EventDate "2022.07.09"]
[EventType "swiss"]
[EventCountry "AUT"]
[SourceTitle "playchess.com"]
[Source "ChessBase"]
[SourceQuality "1"]
[TimeControl "40/5400+30:1800+30"]

1. d4 d5 2. c4 e6 3. Nf3 c5 4. cxd5 exd5 5. g3 Nc6 6. Bg2 Nf6 7. O-O Be7 8. dxc5 Bxc5 9. a3 Ne4 10. Nfd2 f5 11. Nc3 Be6 12. Nb3 Bb6 13. Na4 d4 14. Nd2 Nxd2 15. Nxb6 axb6 16. Bxd2 O-O 17. Bf4 Rc8 18. Qd3 Bd5 19. Rfd1 Bxg2 20. Kxg2 Qd5+ 21. Qf3 Qe6 22. e3 Rfd8 23. exd4 Nxd4 24. Qe3 Qd5+ 25. Kh3 Qd7 26. Rd2 g5 27. Rxd4 gxf4 28. Rxf4 Qd5 29. Qf3 Qxf3 30. Rxf3 Rd5 31. Re1 Rc7 32. Re6 Rb5 33. b4 Kf7 34. Rh6 Kg7 35. Rd6 Re7 36. Kg2 Rc7 37. Re3 f4 38. gxf4 Rf7 39. Re5 1-0

[Event "41st Jacques-Lemans-Open 2022"]
[Site "St. Veit/Glan"]
[Date "2022.07.10"]
[Round "2.9"]
[White "Guetz, Wolfgang"]
[Black "Sandhoefner, Florian"]
[Result "1/2-1/2"]
[ECO "B50"]
[WhiteElo "2034"]
[BlackElo "2289"]
[Annotator "RC"]
[PlyCount "97"]
[EventDate "2022.07.09"]
[EventType "swiss"]
[EventCountry "AUT"]
[SourceTitle "playchess.com"]
[Source "ChessBase"]
[SourceQuality "1"]
[TimeControl "40/5400+30:1800+30"]

1. e4 c5 2. Nf3 d6 3. d4 Nf6 4. Nc3 cxd4 5. Qxd4 Bd7 6. Bg5 Nc6 7. Qd2 Qa5 8. Bd3 e6 9. Bxf6 gxf6 10. O-O Be7 11. Rfe1 O-O-O 12. Bf1 f5 13. exf5 Qxf5 14. Nd4 Qc5 15. Ndb5 d5 16. a3 d4 17. Ne4 Qh5 18. Qf4 e5 19. Nbd6+ Kb8 20. Qxf7 Be8 21. Qxh5 Bxh5 22. Nf5 Bf8 23. Bb5 Bg6 24. Nh4 Be7 25. Nxg6 hxg6 26. Bxc6 bxc6 27. Nd2 Bf6 28. Nc4 Rh5 29. Re4 Kc7 30. Rae1 Rd5 31. g4 Rh4 32. f3 Rc5 33. b3 Rh8 34. R1e2 Rd8 35. Rd2 g5 36. Kg2 Rd7 37. a4 Rd8 38. Kf2 Rh8 39. Kg2 Rd8 40. Rde2 Rdd5 41. Kf2 a5 42. Rd2 Rd8 43. Rde2 d3 44. cxd3 Rxd3 45. R4e3 Rdd5 46. Nd2 Bd8 47. Nc4 Bf6 48. Nd2 Bd8 49. Nc4 1/2-1/2

[Event "41st Jacques-Lemans-Open 2022"]
[Site "St. Veit/Glan"]
[Date "2022.07.10"]
[Round "2.10"]
[White "Higatsberger, Michael"]
[Black "Novosel, Lovro"]
[Result "1-0"]
[ECO "B91"]
[WhiteElo "2021"]
[BlackElo "2255"]
[Annotator "RC"]
[PlyCount "135"]
[EventDate "2022.07.09"]
[EventType "swiss"]
[EventCountry "AUT"]
[SourceTitle "playchess.com"]
[Source "ChessBase"]
[SourceQuality "1"]
[TimeControl "40/5400+30:1800+30"]

1. e4 c5 2. Nf3 d6 3. d4 cxd4 4. Nxd4 Nf6 5. Nc3 a6 6. g3 e6 7. Bg2 Be7 8. O-O O-O 9. Be3 Qc7 10. g4 Nfd7 11. f4 Nb6 12. Kh1 Nc4 13. Bc1 b5 14. g5 b4 15. Nce2 Re8 16. c3 bxc3 17. Nxc3 Nd7 18. b3 Na5 19. Bd2 Bb7 20. Rc1 Qd8 21. Qe2 Rc8 22. Na4 Nc5 23. Nxc5 dxc5 24. Nf3 Nc6 25. Bc3 Qb6 26. Ne5 Qb5 27. Qb2 Nxe5 28. Bxe5 Bf8 29. Rfd1 Red8 30. Qc2 Qb4 31. h4 Rxd1+ 32. Rxd1 c4 33. Kh2 c3 34. Rd4 Qa5 35. Bf1 Bb4 36. Bd3 Qb6 37. Kg3 Rc5 38. Rxb4 Qxb4 39. Bd6 Qd4 40. Bxc5 Qxc5 41. Kf3 Qd4 42. Qe2 Qg1 43. Qf2 Qd1+ 44. Ke3 Qa1 45. h5 g6 46. h6 Bc6 47. a4 Qa3 48. Bc2 Qd6 49. Qe1 e5 50. Qxc3 exf4+ 51. Kf3 Kf8 52. b4 Qd7 53. Kxf4 Qc7+ 54. Qe5 Qb6 55. Qc5+ Qxc5 56. bxc5 a5 57. Ke5 Ke7 58. Bb3 Bd7 59. Kd4 f6 60. gxf6+ Kxf6 61. e5+ Kf5 62. Bc2+ Kg5 63. Kd5 Kxh6 64. Kd6 Be8 65. c6 Bxc6 66. Kxc6 Kg7 67. e6 h5 68. e7 1-0

[Event "41st Jacques-Lemans-Open 2022"]
[Site "St. Veit/Glan"]
[Date "2022.07.10"]
[Round "2.11"]
[White "Raeke, Philipp"]
[Black "Windhager, Hannes"]
[Result "0-1"]
[ECO "D00"]
[WhiteElo "1908"]
[BlackElo "2244"]
[Annotator "RC"]
[PlyCount "127"]
[EventDate "2022.07.09"]
[EventType "swiss"]
[EventCountry "AUT"]
[SourceTitle "playchess.com"]
[Source "ChessBase"]
[SourceQuality "1"]
[TimeControl "40/5400+30:1800+30"]

1. d4 d5 2. Nc3 Nf6 3. Bf4 e6 4. e3 Bb4 5. Bd3 c5 6. a3 Bxc3+ 7. bxc3 Qa5 8. dxc5 Qxc3+ 9. Kf1 Qxc5 10. Be5 Nc6 11. Bb2 e5 12. a4 Bg4 13. Qb1 e4 14. Bb5 a6 15. Ba3 Qb6 16. Bxc6+ Qxc6 17. h3 Qc4+ 18. Ke1 Qc3+ 19. Kf1 Qc4+ 20. Ke1 Be6 21. Ne2 b5 22. Bb4 bxa4 23. Bd6 Kd7 24. Be5 Rhc8 25. Nc3 d4 26. Nxa4 Ke8 27. Nb6 Qc3+ 28. Kf1 Rab8 29. Bxd4 Qxc2 30. Qxc2 Rxc2 31. Kg1 Rc6 32. Na4 Rb5 33. Kh2 Ke7 34. Nc3 Rb3 35. Rhc1 Kd7 36. Bxf6 gxf6 37. Nxe4 Rxc1 38. Rxc1 Rb2 39. Kg3 a5 40. Ra1 Rb5 41. Nxf6+ Ke7 42. Ne4 Bd7 43. h4 Bc6 44. Nc3 Rc5 45. Ne2 a4 46. Nd4 Bd7 47. Kf4 Kd6 48. Ke4 Rc3 49. g4 a3 50. g5 Ba4 51. h5 Kc5 52. Ne2 Rc4+ 53. Ke5 Kb4 54. Nd4 Rc5+ 55. Kf6 Bb3 56. f4 Bd5 57. Kg7 a2 58. Kxh7 Kc3 59. g6 fxg6 60. hxg6 Kb2 61. Rxa2+ Bxa2 62. f5 Kc3 63. g7 Rc8 64. Kg6 0-1

[Event "41st Jacques-Lemans-Open 2022"]
[Site "St. Veit/Glan"]
[Date "2022.07.10"]
[Round "2.12"]
[White "Riemelmoser, Franz"]
[Black "Mayrhuber, Tobias"]
[Result "1-0"]
[ECO "A13"]
[WhiteElo "2237"]
[BlackElo "2010"]
[Annotator "RC"]
[PlyCount "71"]
[EventDate "2022.07.09"]
[EventType "swiss"]
[EventCountry "AUT"]
[SourceTitle "playchess.com"]
[Source "ChessBase"]
[SourceQuality "1"]
[TimeControl "40/5400+30:1800+30"]

1. c4 e6 2. Nf3 d5 3. e3 Nf6 4. Nc3 c6 5. b3 Bd6 6. Qc2 O-O 7. Bb2 Nbd7 8. Be2 a6 9. d4 e5 10. cxd5 cxd5 11. dxe5 Nxe5 12. O-O Nc6 13. Rfd1 Be6 14. Rac1 h6 15. e4 Rc8 16. Nxd5 Nxd5 17. exd5 Nb4 18. Qe4 Rxc1 19. Rxc1 Nxd5 20. Bd3 g6 21. Qd4 f6 22. Bxg6 Nf4 23. Re1 Nxg6 24. Rxe6 Be5 25. Nxe5 Nf4 26. Nd7 Nxe6 27. Qg4+ Ng7 28. Nxf8 Kxf8 29. h3 Ne8 30. Qg6 Qd1+ 31. Kh2 Qd6+ 32. g3 b5 33. Qxh6+ Kf7 34. Qh5+ Kf8 35. Bc1 Qd4 36. Be3 1-0

[Event "41st Jacques-Lemans-Open 2022"]
[Site "St. Veit/Glan"]
[Date "2022.07.10"]
[Round "2.13"]
[White "Moewisch, Dave"]
[Black "Moeller, Dustin"]
[Result "0-1"]
[ECO "C54"]
[WhiteElo "1941"]
[BlackElo "2237"]
[Annotator "RC"]
[PlyCount "114"]
[EventDate "2022.07.09"]
[EventType "swiss"]
[EventCountry "AUT"]
[SourceTitle "playchess.com"]
[Source "ChessBase"]
[SourceQuality "1"]
[TimeControl "40/5400+30:1800+30"]

1. e4 e5 2. Nf3 Nc6 3. Bc4 Bc5 4. c3 Nf6 5. d4 exd4 6. e5 d5 7. Bb5 Ne4 8. cxd4 Bb6 9. Nc3 O-O 10. Be3 Bg4 11. h3 Bh5 12. Qc2 Ba5 13. a3 Bxc3+ 14. bxc3 f5 15. exf6 Qxf6 16. Bxc6 Qxc6 17. Ne5 Qa6 18. g4 Be8 19. a4 Qa5 20. O-O Qxc3 21. Qb1 Rb8 22. a5 Nd2 23. Qe1 Bb5 24. Qxd2 Qxd2 25. Bxd2 Bxf1 26. Nd7 Bxh3 27. Nxf8 Rxf8 28. g5 Bf5 29. Rc1 Rc8 30. Bf4 c6 31. Bd6 b6 32. Re1 c5 33. Re7 c4 34. Rxa7 bxa5 35. Rxa5 Be4 36. Rc5 Ra8 37. Rc7 h5 38. gxh6 gxh6 39. Kh2 Ra6 40. Bg3 Ra1 41. Be5 Ra3 42. Rg7+ Kf8 43. Bd6+ Kxg7 44. Bxa3 Kf6 45. Kg3 Kf5 46. f3 Bc2 47. Kf2 Bd1 48. Bc1 h5 49. Ba3 Ke6 50. Bc1 Kd6 51. Bg5 Kc6 52. f4 Bg4 53. Ke3 Kb5 54. Kd2 Kb4 55. Kc2 Bf5+ 56. Kc1 Kc3 57. Bf6 Kd3 0-1

[Event "41st Jacques-Lemans-Open 2022"]
[Site "St. Veit/Glan"]
[Date "2022.07.10"]
[Round "2.14"]
[White "Vojinov, Danijel"]
[Black "Toefferl, Heimo"]
[Result "1-0"]
[ECO "A00"]
[WhiteElo "2201"]
[BlackElo "2003"]
[Annotator "RC"]
[PlyCount "81"]
[EventDate "2022.07.09"]
[EventType "swiss"]
[EventCountry "AUT"]
[SourceTitle "playchess.com"]
[Source "ChessBase"]
[SourceQuality "1"]
[TimeControl "40/5400+30:1800+30"]

1. b4 c6 2. e3 d5 3. Nf3 Bg4 4. h3 Bh5 5. c4 e6 6. Bb2 f6 7. cxd5 cxd5 8. Qa4+ Nd7 9. Nc3 a6 10. b5 a5 11. Be2 Nc5 12. Qd1 Bxf3 13. gxf3 Nh6 14. Rg1 Qd6 15. f4 Nf5 16. d4 Nd7 17. Bd3 g6 18. Bxf5 exf5 19. Kf1 Nb6 20. Rc1 Nc4 21. Qe2 Rc8 22. Ba1 Kf7 23. Kg2 h5 24. Qf3 Ke6 25. Kh1 Rh6 26. Na4 b6 27. Rc2 Be7 28. Rgc1 Qd7 29. Nb2 Qxb5 30. Nxc4 dxc4 31. e4 fxe4 32. Qxe4+ Kd6 33. Re2 Qd7 34. f5 g5 35. Rb1 Rb8 36. Rb5 Qb7 37. d5 Rh7 38. Bd4 Qa6 39. Qe6+ Kc7 40. Qc6+ Kd8 41. Rxb6 1-0

[Event "41st Jacques-Lemans-Open 2022"]
[Site "St. Veit/Glan"]
[Date "2022.07.10"]
[Round "2.15"]
[White "Ernst, Robert"]
[Black "Bauer, Thomas"]
[Result "1-0"]
[ECO "A43"]
[WhiteElo "2001"]
[BlackElo "2228"]
[Annotator "RC"]
[PlyCount "81"]
[EventDate "2022.07.09"]
[EventType "swiss"]
[EventCountry "AUT"]
[SourceTitle "playchess.com"]
[Source "ChessBase"]
[SourceQuality "1"]
[TimeControl "40/5400+30:1800+30"]

1. d4 Nf6 2. c4 c5 3. d5 d6 4. Nc3 g6 5. e4 Bg7 6. Nge2 b5 7. cxb5 a6 8. Ng3 h5 9. Be2 axb5 10. Bxb5+ Nbd7 11. f4 O-O 12. O-O Ba6 13. Bxa6 Rxa6 14. e5 dxe5 15. f5 c4 16. fxg6 fxg6 17. Qe2 Ng4 18. Rxf8+ Bxf8 19. Nge4 Nb6 20. Bg5 Qc8 21. Rf1 Nh6 22. Bxh6 Bxh6 23. Qf3 Qf8 24. Qh3 Qc8 25. Qg3 Nd7 26. d6 Rxd6 27. Nxd6 Qc5+ 28. Kh1 Qxd6 29. Rd1 Qf6 30. Qf3 Qxf3 31. gxf3 Nc5 32. a4 Nd3 33. a5 Be3 34. Ra1 h4 35. a6 h3 36. a7 Nf2+ 37. Kg1 Ng4+ 38. Kf1 Nxh2+ 39. Ke2 Bxa7 40. Rxa7 g5 41. Ra1 1-0

[Event "41st Jacques-Lemans-Open 2022"]
[Site "St. Veit/Glan"]
[Date "2022.07.10"]
[Round "2.16"]
[White "Manhardt, Thomas"]
[Black "Katter, Katharina"]
[Result "1-0"]
[ECO "A01"]
[WhiteElo "2227"]
[BlackElo "2000"]
[Annotator "RC"]
[PlyCount "111"]
[EventDate "2022.07.09"]
[EventType "swiss"]
[EventCountry "AUT"]
[SourceTitle "playchess.com"]
[Source "ChessBase"]
[SourceQuality "1"]
[TimeControl "40/5400+30:1800+30"]

1. b3 Nf6 2. Bb2 d5 3. e3 Bf5 4. Nf3 e6 5. Bd3 Bxd3 6. cxd3 c5 7. O-O Nc6 8. d4 Rc8 9. dxc5 Bxc5 10. a3 Bd6 11. b4 a6 12. d3 O-O 13. Nbd2 e5 14. h3 Re8 15. Rc1 Qe7 16. Qe2 a5 17. b5 Nb8 18. a4 Nbd7 19. Nb3 Bb4 20. Rxc8 Rxc8 21. Rc1 Rxc1+ 22. Nxc1 e4 23. Nd4 Ba3 24. dxe4 dxe4 25. Ncb3 Bb4 26. Qc2 Nb6 27. Nf5 Qe6 28. Bxf6 Qxf5 29. Bd4 Nxa4 30. Nxa5 Qxb5 31. Qc8+ Bf8 32. Nxb7 Qb4 33. Kh2 Qe7 34. g3 h5 35. Qa8 Kh7 36. Nd8 Qd7 37. Qxe4+ f5 38. Qa8 Nc5 39. Nc6 Ne6 40. Ne5 Qc7 41. Qe8 Nxd4 42. Qxh5+ Kg8 43. exd4 Qc2 44. Qf3 Bb4 45. Kg2 Bc3 46. Nd3 g6 47. Nf4 Qe4 48. Qxe4 fxe4 49. Nxg6 Bxd4 50. Ne7+ Kf7 51. Nf5 Bc5 52. g4 Kf6 53. h4 Bf8 54. Kg3 Ke5 55. h5 Kf6 56. Kf4 1-0

[Event "41st Jacques-Lemans-Open 2022"]
[Site "St. Veit/Glan"]
[Date "2022.07.10"]
[Round "2.17"]
[White "Hng, Mei-En Emmanuelle"]
[Black "Hechl, Gerald"]
[Result "1/2-1/2"]
[ECO "B21"]
[WhiteElo "1997"]
[BlackElo "2222"]
[Annotator "RC"]
[PlyCount "49"]
[EventDate "2022.07.09"]
[EventType "swiss"]
[EventCountry "AUT"]
[SourceTitle "playchess.com"]
[Source "ChessBase"]
[SourceQuality "1"]
[TimeControl "40/5400+30:1800+30"]

1. e4 c5 2. d4 cxd4 3. c3 dxc3 4. Nxc3 e6 5. Bc4 a6 6. Nf3 Ne7 7. a4 Nbc6 8. O-O Ng6 9. Be3 Be7 10. Nd4 Qc7 11. f4 Nxd4 12. Qxd4 O-O 13. a5 Bb4 14. Bd3 Bxc3 15. bxc3 d6 16. Qb4 Ne7 17. Bb6 Qd7 18. Rad1 d5 19. Bc2 Nc6 20. Qa3 Re8 21. Ba4 Qe7 22. Bc5 Qc7 23. Bb6 Qe7 24. Bc5 Qc7 25. Bb6 1/2-1/2

[Event "41st Jacques-Lemans-Open 2022"]
[Site "St. Veit/Glan"]
[Date "2022.07.10"]
[Round "2.18"]
[White "Lerch, Johannes"]
[Black "Tonel, Giulia"]
[Result "1-0"]
[ECO "A05"]
[WhiteElo "2222"]
[BlackElo "1969"]
[Annotator "RC"]
[PlyCount "83"]
[EventDate "2022.07.09"]
[EventType "swiss"]
[EventCountry "AUT"]
[SourceTitle "playchess.com"]
[Source "ChessBase"]
[SourceQuality "1"]
[TimeControl "40/5400+30:1800+30"]

1. Nf3 Nf6 2. c4 d6 3. b3 g6 4. Bb2 Bg7 5. g3 O-O 6. Bg2 e5 7. d3 Nc6 8. O-O a6 9. Nbd2 Rb8 10. Rc1 Re8 11. a3 Bd7 12. Qc2 Qc8 13. b4 b6 14. e3 Bh3 15. Bxh3 Qxh3 16. Qa4 Ne7 17. Qxa6 Ng4 18. Rb1 f5 19. Qa4 Bh6 20. Rfe1 c6 21. Re2 Rf8 22. Nf1 e4 23. Ne1 Bg7 24. Bxg7 Kxg7 25. Qc2 Nf6 26. Rd1 d5 27. a4 g5 28. f3 Rbc8 29. c5 bxc5 30. Qxc5 Rf7 31. a5 Ng6 32. b5 Ne5 33. Rf2 Ned7 34. Qc3 c5 35. b6 Kg6 36. Rb1 Rb8 37. b7 d4 38. exd4 Nd5 39. Qc4 N7f6 40. dxe4 fxe4 41. fxe4 Rbxb7 42. Rxb7 1-0

[Event "41st Jacques-Lemans-Open 2022"]
[Site "St. Veit/Glan"]
[Date "2022.07.10"]
[Round "2.19"]
[White "Markun, Ozbej"]
[Black "Ofner, Maximilian"]
[Result "1/2-1/2"]
[ECO "B19"]
[WhiteElo "1915"]
[BlackElo "2194"]
[Annotator "RC"]
[PlyCount "117"]
[EventDate "2022.07.09"]
[EventType "swiss"]
[EventCountry "AUT"]
[SourceTitle "playchess.com"]
[Source "ChessBase"]
[SourceQuality "1"]
[TimeControl "40/5400+30:1800+30"]

1. e4 c6 2. d4 d5 3. Nc3 dxe4 4. Nxe4 Bf5 5. Ng3 Bg6 6. h4 h6 7. Nf3 Nd7 8. h5 Bh7 9. Bd3 Bxd3 10. Qxd3 e6 11. Bd2 Ngf6 12. O-O-O Be7 13. Ne4 Nxe4 14. Qxe4 Nf6 15. Qe2 Qd5 16. c4 Qe4 17. Qxe4 Nxe4 18. Be1 c5 19. d5 Bf6 20. dxe6 fxe6 21. Rd3 Ke7 22. Re3 Nd6 23. b3 Nf5 24. Re4 Rhd8 25. Bd2 Rd6 26. Rhe1 Rad8 27. Bf4 Ra6 28. Kb1 Bc3 29. Rc1 Bf6 30. g4 Nd4 31. Ne5 Bxe5 32. Rxe5 Rc6 33. Re3 Rf8 34. Bg3 Rf3 35. Rce1 Rxe3 36. Rxe3 Rc8 37. Be5 Kf7 38. f4 Nc6 39. Bc3 Rd8 40. Kc1 Nd4 41. Re4 b6 42. Bxd4 cxd4 43. Kd2 d3 44. b4 Kf6 45. a4 a5 46. bxa5 bxa5 47. c5 Rd5 48. Re3 Rxc5 49. Kxd3 e5 50. fxe5+ Rxe5 51. Rxe5 Kxe5 52. Ke3 Kf6 53. Kf4 g6 54. hxg6 Kxg6 55. Ke4 Kg5 56. Kf3 Kg6 57. Ke4 Kg5 58. Kf3 Kg6 59. Ke4 1/2-1/2

[Event "41st Jacques-Lemans-Open 2022"]
[Site "St. Veit/Glan"]
[Date "2022.07.10"]
[Round "2.20"]
[White "Koelber, Daniel"]
[Black "Tumanyan, Gor"]
[Result "1/2-1/2"]
[ECO "B38"]
[WhiteElo "2176"]
[BlackElo "1884"]
[Annotator "RC"]
[PlyCount "69"]
[EventDate "2022.07.09"]
[EventType "swiss"]
[EventCountry "AUT"]
[SourceTitle "playchess.com"]
[Source "ChessBase"]
[SourceQuality "1"]
[TimeControl "40/5400+30:1800+30"]

1. e4 c5 2. Nf3 g6 3. d4 cxd4 4. Nxd4 Bg7 5. c4 Nc6 6. Be3 Nf6 7. Nc3 O-O 8. Be2 d6 9. O-O Nxd4 10. Bxd4 Bd7 11. f3 Bc6 12. b4 b6 13. Qd2 a5 14. a3 Qc7 15. Nd5 Bxd5 16. cxd5 axb4 17. Rac1 Qa7 18. axb4 Qa2 19. Rc2 Qa4 20. Rfc1 b5 21. Rc7 Qb3 22. Ba7 Qa4 23. Bf2 Qb3 24. Bd1 Ra2 25. Bxb3 Rxd2 26. Bd1 Rb2 27. Be1 Bh6 28. Ra1 Bd2 29. Bxd2 Rxd2 30. Rxe7 Rc8 31. Rea7 Rc4 32. Kf1 Rxb4 33. R7a2 Rbb2 34. Rxb2 Rxb2 35. Ra7 1/2-1/2

[Event "41st Jacques-Lemans-Open 2022"]
[Site "St. Veit/Glan"]
[Date "2022.07.10"]
[Round "2.21"]
[White "Gockner, Martin"]
[Black "Frank, Emanuel"]
[Result "0-1"]
[ECO "C55"]
[WhiteElo "1879"]
[BlackElo "2160"]
[Annotator "RC"]
[PlyCount "38"]
[EventDate "2022.07.09"]
[EventType "swiss"]
[EventCountry "AUT"]
[SourceTitle "playchess.com"]
[Source "ChessBase"]
[SourceQuality "1"]
[TimeControl "40/5400+30:1800+30"]

1. e4 e5 2. Bc4 Nc6 3. Nf3 Nf6 4. d3 Be7 5. O-O O-O 6. c3 d5 7. exd5 Nxd5 8. h3 a6 9. a4 Be6 10. Re1 Bf6 11. Na3 h6 12. Qc2 Qd7 13. Bxd5 Qxd5 14. Nh2 Rad8 15. Re3 Bf5 16. Rg3 Bh4 17. c4 Qd7 18. Re3 Nb4 19. Qc3 Nxd3 0-1

[Event "41st Jacques-Lemans-Open 2022"]
[Site "St. Veit/Glan"]
[Date "2022.07.10"]
[Round "2.22"]
[White "Schein, Karl-Heinz"]
[Black "Grafenberger, Dieter"]
[Result "0-1"]
[ECO "A41"]
[WhiteElo "2167"]
[BlackElo "1879"]
[Annotator "RC"]
[PlyCount "166"]
[EventDate "2022.07.09"]
[EventType "swiss"]
[EventCountry "AUT"]
[SourceTitle "playchess.com"]
[Source "ChessBase"]
[SourceQuality "1"]
[TimeControl "40/5400+30:1800+30"]

1. d4 d6 2. c4 c6 3. Nc3 Nd7 4. e4 e5 5. Nf3 Be7 6. Be2 Ngf6 7. O-O Qc7 8. h3 O-O 9. Be3 Re8 10. d5 c5 11. Rb1 Nf8 12. Ne1 Ng6 13. Nd3 Bd7 14. b4 b6 15. b5 Qc8 16. Kh2 h6 17. f4 exf4 18. Nxf4 Ne5 19. Qb3 Kh7 20. Nd3 Ng6 21. Qc2 Bf8 22. Ne1 Qd8 23. Nf3 Qe7 24. Bd3 Kg8 25. Rbe1 Bc8 26. Bc1 Nd7 27. Bb2 Nde5 28. Nxe5 Nxe5 29. Nb1 g6 30. Nd2 Bg7 31. Be2 Qh4 32. Qb3 Qg5 33. Bc1 Qh4 34. Kg1 g5 35. Bb2 g4 36. hxg4 Bxg4 37. Bxg4 Qxg4 38. Bxe5 Rxe5 39. Qf3 Qg6 40. Qd3 Rg5 41. Rf2 Bd4 42. Re3 Kh8 43. Nf3 Bxe3 44. Qxe3 Rg4 45. e5 Re4 46. Qd3 dxe5 47. d6 Rd4 48. Qe2 Re4 49. Qd2 Rd8 50. d7 Qe6 51. Qd3 f5 52. Rd2 Rxc4 53. Qb3 Rc1+ 54. Kf2 Rc4 55. Re2 e4 56. Nd2 e3+ 57. Rxe3 Rf4+ 58. Nf3 Qxd7 59. g3 Re4 60. Qb2+ Qg7 61. Ne5 Rxe3 62. Kxe3 Re8 63. Kf4 Qxe5+ 64. Qxe5+ Rxe5 65. Kxe5 c4 66. Kd4 c3 67. Kxc3 Kg7 68. Kd4 Kf6 69. Ke3 Kg5 70. Kf3 Kf6 71. Ke3 Ke5 72. Kf3 h5 73. Ke3 f4+ 74. gxf4+ Kf5 75. Kf3 h4 76. a3 h3 77. Kg3 h2 78. Kxh2 Kxf4 79. Kg2 Ke3 80. Kf1 Kd2 81. Kf2 Kc3 82. Ke3 Kc4 83. Kd2 Kb3 0-1

[Event "41st Jacques-Lemans-Open 2022"]
[Site "St. Veit/Glan"]
[Date "2022.07.10"]
[Round "2.23"]
[White "Hersel, Richard"]
[Black "Miazhynski, Yuri"]
[Result "0-1"]
[ECO "A02"]
[WhiteElo "1870"]
[BlackElo "2166"]
[Annotator "RC"]
[PlyCount "56"]
[EventDate "2022.07.09"]
[EventType "swiss"]
[EventCountry "AUT"]
[SourceTitle "playchess.com"]
[Source "ChessBase"]
[SourceQuality "1"]
[TimeControl "40/5400+30:1800+30"]

1. f4 Nf6 2. Nf3 g6 3. b3 Bg7 4. Bb2 O-O 5. e3 b6 6. Be2 Bb7 7. O-O d6 8. h3 Nbd7 9. d3 e5 10. fxe5 Nd5 11. Bc1 Nxe5 12. d4 Nd7 13. c4 N5f6 14. Nc3 c5 15. Qd3 Qe7 16. d5 Rae8 17. Rb1 Ne5 18. Qc2 Nxf3+ 19. Bxf3 Nd7 20. e4 Ne5 21. Be2 Bc8 22. Bf4 g5 23. Bg3 g4 24. Bxg4 Bxg4 25. hxg4 Nxg4 26. Rf3 Bd4+ 27. Kh1 Qg5 28. Bf4 Qh4+ 0-1

[Event "41st Jacques-Lemans-Open 2022"]
[Site "St. Veit/Glan"]
[Date "2022.07.10"]
[Round "2.24"]
[White "Merei, David"]
[Black "Sucher, Johannes"]
[Result "1/2-1/2"]
[ECO "B02"]
[WhiteElo "1839"]
[BlackElo "2164"]
[Annotator "RC"]
[PlyCount "68"]
[EventDate "2022.07.09"]
[EventType "swiss"]
[EventCountry "AUT"]
[SourceTitle "playchess.com"]
[Source "ChessBase"]
[SourceQuality "1"]
[TimeControl "40/5400+30:1800+30"]

1. e4 Nf6 2. e5 Ng8 3. d4 d6 4. Nf3 dxe5 5. Nxe5 Nd7 6. Bf4 Nxe5 7. Bxe5 Nf6 8. Be2 e6 9. O-O Be7 10. c4 O-O 11. Nc3 Nd7 12. Bg3 f5 13. f4 Bf6 14. Bf2 Nb6 15. Qd3 Qe7 16. Rad1 Rd8 17. Qc2 Bd7 18. Rfe1 Qf7 19. b4 a5 20. b5 Rac8 21. Qb3 Be8 22. Bf3 Rb8 23. d5 exd5 24. Nxd5 Kh8 25. Nxb6 cxb6 26. Bxb6 Rxd1 27. Rxd1 Ra8 28. Bd5 Qe7 29. Qf3 h6 30. Qe3 Qd6 31. Bc5 Qc7 32. Bb6 Qd6 33. Bc5 Qc7 34. Bb6 Qd8 1/2-1/2

[Event "41st Jacques-Lemans-Open 2022"]
[Site "St. Veit/Glan"]
[Date "2022.07.10"]
[Round "2.25"]
[White "Besner, Bernhard"]
[Black "Ljubic, Luka"]
[Result "1-0"]
[ECO "B22"]
[WhiteElo "2164"]
[BlackElo "1768"]
[Annotator "RC"]
[PlyCount "105"]
[EventDate "2022.07.09"]
[EventType "swiss"]
[EventCountry "AUT"]
[SourceTitle "playchess.com"]
[Source "ChessBase"]
[SourceQuality "1"]
[TimeControl "40/5400+30:1800+30"]

1. e4 c5 2. c3 Nf6 3. e5 Nd5 4. d4 cxd4 5. Nf3 Nc6 6. cxd4 d6 7. Bc4 Nb6 8. Bb5 Bd7 9. Nc3 dxe5 10. dxe5 e6 11. O-O Be7 12. Qe2 Qc7 13. Rd1 a6 14. Bd3 Nb4 15. Be4 Bc6 16. Bf4 Bxe4 17. Nxe4 N4d5 18. Bg5 O-O 19. Rac1 Qd7 20. Be3 Qb5 21. Qxb5 axb5 22. Bxb6 Nxb6 23. Rc7 Rfd8 24. Rdc1 Nd5 25. Rxb7 b4 26. g3 Rxa2 27. Nd4 Bf8 28. Ng5 Ne7 29. Ndxe6 fxe6 30. Nxe6 Re8 31. Nxf8 Kxf8 32. Rxb4 Nd5 33. Rb5 Rxe5 34. Rd1 Kf7 35. Rdxd5 Rxd5 36. Rxd5 Rxb2 37. Kg2 Ra2 38. h4 Rb2 39. h5 Ra2 40. g4 Rb2 41. g5 Ke6 42. Ra5 Rb7 43. Kg3 Ke7 44. Kg4 Ke6 45. Ra6+ Ke7 46. f4 Rc7 47. Ra8 Kf7 48. Rh8 Rc1 49. h6 Rg1+ 50. Kf5 g6+ 51. Ke4 Re1+ 52. Kf3 Rf1+ 53. Kg3 1-0

[Event "41st Jacques-Lemans-Open 2022"]
[Site "St. Veit/Glan"]
[Date "2022.07.10"]
[Round "2.26"]
[White "Hafner, Robert"]
[Black "Fahrner, Kurt"]
[Result "1/2-1/2"]
[ECO "A40"]
[WhiteElo "1933"]
[BlackElo "2331"]
[Annotator "RC"]
[PlyCount "98"]
[EventDate "2022.07.09"]
[EventType "swiss"]
[EventCountry "AUT"]
[SourceTitle "playchess.com"]
[Source "ChessBase"]
[SourceQuality "1"]
[TimeControl "40/5400+30:1800+30"]

1. d4 g6 2. Nf3 Bg7 3. e3 Nf6 4. Be2 O-O 5. O-O b6 6. b3 c5 7. Bb2 Bb7 8. c4 cxd4 9. Nxd4 Nc6 10. Nd2 Rc8 11. Rc1 Qc7 12. Qc2 Rfd8 13. Rfd1 Qb8 14. Qb1 Ne5 15. N4f3 Nxf3+ 16. Bxf3 d5 17. cxd5 Rxc1 18. Qxc1 Bxd5 19. Bxd5 Rxd5 20. Nf3 Qd6 21. Rxd5 Nxd5 22. h3 Bxb2 23. Qxb2 Nb4 24. Qe2 a5 25. a3 Nd5 26. Qc4 e6 27. a4 Qb4 28. Qxb4 Nxb4 29. Kf1 Nd3 30. Nd2 Nc5 31. Ke2 Kf8 32. Kd1 Ke7 33. Kc2 Kd7 34. Nc4 Kc7 35. f3 f6 36. Na3 Kc6 37. Kc3 Nd7 38. Nc4 Kc5 39. g3 Ne5 40. Nd2 f5 41. f4 Nf7 42. Nc4 g5 43. Kd3 gxf4 44. exf4 Nh8 45. Ne5 Kb4 46. Kc2 Ng6 47. Nd3+ Ka3 48. Nb2 Kb4 49. Nd3+ Ka3 1/2-1/2